 Dungeon Crawl Stone Soup version 0.28.0-45-g0d030f2227 (webtiles) character file.

Game seed: 6489879364263922055

468 CryoSword the Shield-Bearer (level 7, 0/55 HPs)
             Began as a Formicid Fighter on Apr 11, 2022.
             Slain by an orc
             ... wielding a +0 hand axe
              (1 damage)
             ... on level 4 of the Dungeon.
             The game lasted 00:04:31 (3051 turns).

CryoSword the Shield-Bearer (Formicid Fighter)      Turns: 3051, Time: 00:04:31

Health: 0/55       AC:  7    Str: 22    XL:     7   Next: 30%
Magic:  7/7        EV:  7    Int:  8    God:
Gold:   80         SH: 13    Dex: 10    Spells: 6/6 levels left

rFire   + + +      SeeInvis +   a - +1 quarterstaff
rCold   + + .      Faith    .   h - +0 tower shield
rNeg    + . .      Spirit   .   b - +0 scale mail
rPois   +          Reflect  .   (helmet unavailable)
rElec   +          Harm     .   (no cloak)
rCorr   +          Rampage  .   (no gloves)
Will    ++...                   (no boots)
Stlth   ..........              (no amulet)
HPRegen 0.18/turn               k - ring of Charity {rF++ rC+ rN+ Will++}
MPRegen 0.10/turn               (no ring)

@: brilliant, resistant
A: permanent stasis, dig shafts and tunnels, antennae 3, four strong arms
a: Dig, Shaft Self


You were on level 4 of the Dungeon.
You visited 1 branch of the dungeon, and saw 5 of its levels.

You collected 80 gold pieces.

Inventory:

Hand Weapons
 a - a +1 quarterstaff (weapon)
Missiles
 g - 8 poisoned darts
Armour
 b - a +0 scale mail (worn)
 h - a +0 tower shield (worn)
   (You found it on level 1 of the Dungeon)
Jewellery
 k - the ring of Charity (left hand) {rF++ rC+ rN+ Will++}
   (You found it on level 2 of the Dungeon)

   [ring of positive energy]

   rF:        It greatly protects you from fire.
   rC:        It protects you from cold.
   rN:        It protects you from negative energy.
   Will:      It greatly increases your willpower.
 m - a ring of fire
   (You found it on level 4 of the Dungeon)
Scrolls
 d - a scroll of vulnerability {unknown}
 e - a scroll of identify {@r1}
 f - a scroll of enchant weapon
 i - a scroll of magic mapping {unknown}
 j - a scroll of enchant armour {unknown}


   Skills:
 + Level 4.5 Fighting
 * Level 4.2 Staves
 + Level 4.4 Armour
 + Level 2.1 Dodging
 * Level 5.7 Shields


You had 6 spell levels left.
You didn't know any spells.
Your spell library contained the following spells:

 Spells                   Type           Power      Damage    Failure   Level
 Animate Skeleton         Necr           0%         N/A       100%        1
 Apportation              Tloc           0%         N/A       100%        1
 Summon Small Mammal      Summ           0%         N/A       100%        1
 Stone Arrow              Conj/Erth      0%         3d7       100%        3
 Animate Armour           Summ/Erth      0%         N/A       100%        4
 Animate Dead             Necr           0%         N/A       100%        4
 Borgnjor's Vile Clutch   Necr/Erth      0%         N/A       100%        5
 Death Channel            Necr           0%         N/A       100%        6
 Lehudib's Crystal Spear  Conj/Erth      0%         10d2      100%        8


Dungeon Overview and Level Annotations

Branches:
Dungeon (5/15)
 Temple: D:4-7

Altars:
Hepliaklqana
Trog


Innate Abilities, Weirdness & Mutations

You cannot be hasted, slowed, berserked, paralysed or teleported.
You can dig through walls and to a lower floor.
You have a pair of large antennae on your head. (SInv)
Your four strong arms can wield two-handed weapons with a shield.


Message History

You hit the endoplasm but do no damage. The endoplasm freezes you.
You are frozen.
You resist. You block the adder's attack. The endoplasm closely misses you.
You hit the endoplasm. You block the adder's attack. x2
The endoplasm barely misses you.
You barely miss the endoplasm. The adder closely misses you.
The endoplasm jiggles.
The endoplasm freezes you.
You are frozen.
You resist. You block the adder's attack.
The quokka bites you but does no damage.
You thump the endoplasm!
You kill the endoplasm!
The adder barely misses you. You block the quokka's attack.
The adder bites you.
You are poisoned.
The adder poisons you!
You miss the adder.
You feel sick.
The quokka twitches its whiskers.
The quokka closely misses you. You block the adder's attack.
The quokka bites you but does no damage.
The adder barely misses you.
You hit the adder.
You feel sick. You block the quokka's attack.
The adder bites you but does no damage. You block the quokka's attack.
You barely miss the adder.
You feel sick. The adder bites you.
The quokka bites you but does no damage.
The adder bites you but does no damage.
You feel sick.
You are no longer poisoned.
You block the adder's attack. You block the quokka's attack.
You block the adder's attack.
You hit the adder. You block the adder's attack. The adder bites you.
You miss the adder. You block the adder's attack.
The adder bites you but does no damage.
You closely miss the adder. You block the adder's attack.
The adder bites you but does no damage.
You completely miss the adder. You block the adder's attack.
The adder bites you.
You hit the adder.
You kill the adder!
You hit the quokka. The quokka bites you. You block the quokka's attack.
You hit the quokka.
You kill the quokka!
You see here a quokka corpse.
Could not explore, unopened door.
Could not explore, unopened door.
Could not explore, unopened door.
You open the door.
There is an open door here.
There is a shaft here.
There is a shaft here.
Found an escape hatch in the ceiling.
You now have 80 gold pieces (gained 15).
Done exploring.
Done exploring.
Done exploring.
Done exploring.
There is a stone staircase leading down here.
You climb downwards.
Found a wooden wand.
There is a stone staircase leading up here.
Found a small jade ring.
You block the ice beast's attack.
You barely miss the ice beast. You block the ice beast's attack.
You hit the ice beast. You block the ice beast's attack.
You sock the ice beast! The ice beast barely misses you.
You block the ice beast's attack.
You closely miss the ice beast. The ice beast completely misses you.
You hit the ice beast.
The ice beast hits you but does no damage.
The ice beast hits you. The ice beast freezes you. You resist.
You hit the ice beast.
The ice beast hits you but does no damage.
You sock the ice beast!
You kill the ice beast!
No target in view!
No target in view!
No target in view!
No target in view!
No target in view!
No target in view!
No target in view!
You see here a wand of charming (8).
You see here a wand of polymorph (7).
You see here a wand of polymorph (7).
You see here a wand of charming (8).
Found a stone staircase leading up.
Found an escape hatch in the floor.
m - a ring of fire
Okay, then.
Could not explore, unopened door.
Could not explore, unopened door.
Could not explore, unopened door.
You open the door.
There is an open door here.
An orc priest comes into view. It is wielding a +0 falchion.
The orc priest shouts!
You hear a shout!
The orc priest looks braver for a moment.
An orc priest is nearby!
An orc priest is nearby! 2 orcs come into view.
The orc shouts!
An orc comes into view. It is wielding a +0 morningstar.
The orc shouts!
You sock the orc!
You kill the orc!
You block the orc priest's attack. You block the orc's attack.
You closely miss the orc priest.
The orc priest calls down the wrath of Beogh upon you.
Beogh smites you! You block the orc's attack. x2
You closely miss the orc priest. You block the orc priest's attack.
The orc closely misses you. You block the orc's attack.
You closely miss the orc priest.
The orc priest miscasts a cantrip.
You block the orc's attack. The orc barely misses you.
The orc priest invokes the aid of Beogh against you.
Beogh smites you! You block the orc's attack. x2
You are too injured to fight recklessly!
You are too injured to fight recklessly!
You are too injured to fight recklessly!
You are too injured to fight recklessly!
You are too injured to fight recklessly!
You are too injured to fight recklessly!
You are too injured to fight recklessly!
You are too injured to fight recklessly!
You are too injured to fight recklessly!
You are too injured to fight recklessly!
You are too injured to fight recklessly!
You are too injured to fight recklessly!
You are too injured to fight recklessly!
You block the orc's attack.
You hit the orc.
The orc priest calls down the wrath of Beogh upon you.
Beogh smites you!
* * * LOW HITPOINT WARNING * * *
You block the orc's attack.
You hit the orc. The orc hits you but does no damage.
The orc barely misses you.
You hit the orc.
The orc priest invokes the aid of Beogh against you.
Beogh smites you!
* * * LOW HITPOINT WARNING * * *
The orc hits you but does no damage.
It was a potion of brilliance.
You feel clever all of a sudden. The orc hits you with a +0 hand axe.
* * * LOW HITPOINT WARNING * * *
It was a potion of resistance.
You feel protected. The orc hits you with a +0 hand axe.
You die...

#........................#
#..........#........<....#
#..........#.............#
#..........#..#......#####
#.............#.####.#
####......###./...##... {
#......#####.#.######
#......##......#
#.....@##.##.#/#####
#..####oo....#.....# ##..
#o..########.# ... #...#
## #)..# #...# #...# #...#
#...#


You could see an orc priest and 2 orcs.

Vanquished Creatures
  A necrophage (D:5)
  An ice beast (D:4)
  A scorpion (D:4)
  A hound (D:4)
  A centaur skeleton (D:4)
  An orc wizard (D:3)
  Robin (D:2)
  3 gnolls (D:2)
  2 adders
  A worm (D:3)
  2 dart slugs
  4 orcs
  5 bats
  2 endoplasms
  7 giant cockroaches
  6 hobgoblins
  4 jackals (D:2)
  4 quokkas
  4 ball pythons
  6 frilled lizards
  13 goblins
  3 kobolds
  3 rats (D:2)
76 creatures vanquished.

Notes
Turn   | Place    | Note
-------+----------+-------------------------------------------
     0 | D:1      | CryoSword the Formicid Fighter began the quest for the Orb.
     0 | D:1      | Reached XP level 1. HP: 18/18 MP: 1/1
   123 | D:1      | Reached XP level 2. HP: 24/24 MP: 2/2
   908 | D:2      | Found a faded altar of an unknown god.
   917 | D:2      | Reached XP level 3. HP: 21/29 MP: 3/3
  1138 | D:2      | Reached skill level 4 in Shields
  1184 | D:2      | Reached XP level 4. HP: 26/36 MP: 4/4
  1186 | D:2      | Reached skill level 1 in Dodging
  1637 | D:2      | Identified the ring of Charity {rF++ rC+ rN+ Will++}
  1835 | D:3      | You fall into a shaft and drop 2 floors!
  1835 | D:5      | Entered Level 5 of the Dungeon
  1835 | D:5      | Noticed a necrophage
  1851 | D:5      | Killed a necrophage
  1852 | D:5      | Reached XP level 5. HP: 40/42 MP: 5/5
  1901 | D:4      | Found a bloodstained altar of Trog.
  1908 | D:4      | Reached skill level 5 in Shields
  1908 | D:4      | Reached XP level 6. HP: 21/48 MP: 6/6
  2178 | D:4      | Noticed a necrophage
  2359 | D:3      | Found a hazy altar of Hepliaklqana.
  2438 | D:3      | Noticed Robin
  2484 | D:2      | Killed Robin
  2728 | D:3      | Reached XP level 7. HP: 55/55 MP: 7/7
  3050 | D:4      | HP: 1/55 [orc/+0 hand axe (3)]
  3051 | D:4      | Slain by an orc

Illustrated notes

Levels and vault maps discovered:
D:1:      amcnicky_arrival_abandoned_market, layout_basic,
          minmay_worlds_worst_comb
D:2:      layout_basic, shapermc_ecumenical_altar_venn
D:3:      layout_basic, mainiacjoe_overflow_brackets, uniq_robin
D:4:      layout_basic, nicolae_qazlal_eye_of_the_storm,
          lemuel_coloured_pillars_altar, abandoned_shop
D:5:      layout_rooms, mainiacjoe_overflow_alcove_2, lemuel_temple_firewalk_a,
          serial_shops, nicolae_inconvenience_store, nicolae_shop_crystal,
          uniq_edmund, uniq_sigmund, uniq_eustachio, uniq_pikel

Skill      XL: |  1  2  3  4  5  6 |
---------------+-------------------+-----
Shields        | 4 5 |  5.7
Dodging        | 1 2 |  2.1
Fighting       | 4 |  4.5
Staves         | 3 4 |  4.2
Armour         | 4 |  4.4

Action                   |  1- 3 |  4- 6 |  7- 9 || total
-------------------------+-------+-------+-------++-------
Melee: Quarterstaff      |    57 |   142 |    34 ||   233
  Use: Scroll            |     2 |     3 |       ||     5
       Potion            |       |     1 |     2 ||     3
Armor: Scale mail        |    19 |    67 |    15 ||   101
Dodge: Dodged            |    27 |    43 |    12 ||    82
Block: Buckler           |     9 |       |       ||     9
       Tower shield      |    14 |   104 |    35 ||   153
